 Dungeon Crawl Stone Soup version 0.31-a0-574-g69dc8cc98e (webtiles) character file.

Game seed: 13170787322608769661

317 Demosthentine the Poker (level 6, -4/48 HPs)
             Began as a Demonspawn Gladiator on Aug 18, 2023.
             Slain by Pikel
             ... wielding a +2 whip of flaming
              (9 damage)
             ... on level 4 of the Dungeon.
             The game lasted 00:03:01 (2784 turns).

Demosthentine the Poker (Demonspawn Gladiator)      Turns: 2784, Time: 00:03:02

Health: -4/48      AC:  5    Str: 16    XL:     6   Next: 20%
Magic:  6/6        EV: 16    Int:  9    God:
Gold:   235        SH:  0    Dex: 15    Spells: 5/5 levels left

rFire   . . .        a - +1 trident
rCold   . . .        (no shield)
rNeg    . . .        b - +0 leather armour
rPois   .            c - +1 helmet
rElec   .            (no cloak)
rCorr   .            (no gloves)
SInv    .            (no boots)
Will    +....        (no amulet)
Stlth   +            j - ring of willpower
HPRegen 0.28/turn    (no ring)
MPRegen 0.10/turn

%: no passive effects
@: mighty
A: repulsion field 2, weakness stinger 2
a: no special abilities


You were on level 4 of the Dungeon.
You visited 1 branch of the dungeon, and saw 4 of its levels.

You collected 235 gold pieces.

Inventory:

Hand Weapons
 a - a +1 trident (weapon)
Missiles
 e - a javelin
Armour
 b - a +0 leather armour (worn)
 c - a +1 helmet (worn)
 n - a +0 buckler
Jewellery
 j - a ring of willpower (left hand)
 k - a +6 ring of intelligence
 l - a ring of resist corrosion
Scrolls
 h - 2 scrolls of identify
Potions
 g - a potion of curing
 i - a potion of haste
 m - a potion of magic {unknown}


   Skills:
 + Level 3.6 Fighting
 + Level 3.9 Polearms
 - Level 1.7 Throwing
 + Level 2.5 Armour
 + Level 3.9 Dodging
 + Level 0.0 Shields


You had 5 spell levels left.
You didn't know any spells.
Your spell library contained the following spells:

 Spells                   Type           Power      Damage    Failure   Level
 Hailstorm                Conj/Ice       0%         3d3       82%         3
 Summon Ice Beast         Ice/Summ       0%         N/A       99%         4
 Simulacrum               Ice/Necr       0%         N/A       100%        6


Dungeon Overview and Level Annotations

Branches:
Dungeon (4/15)
 Temple: D:4-7

Altars:

Annotations:
D:4 Pikel


Innate Abilities, Weirdness & Mutations

You are surrounded by a moderate repulsion field. (EV +3)
You have a tail ending in a sharp stinger.


Message History

You throw a throwing net. The throwing net closely misses Pikel.
Pikel closely misses you.
Throw: 2 throwing nets
Press: ? - help, Q - select action, (/) - cycle Shift-Dir - straight line, f/p - Pikel
Aim: Pikel, wielding a +2 whip of flaming and wearing a +0 robe (lightly wounded, 47% to hit)
You throw a throwing net. The throwing net closely misses Pikel.
Pikel hits you with a +2 whip of flaming!
* * * LOW HITPOINT WARNING * * *
Pikel burns you.
* * * LOW HITPOINT WARNING * * *
Throw: throwing net
Press: ? - help, Q - select action, (/) - cycle Shift-Dir - straight line, f/p - Pikel
Aim: Pikel, wielding a +2 whip of flaming and wearing a +0 robe (lightly wounded, 47% to hit)
You throw a throwing net. The throwing net hits Pikel.
Pikel is caught in the net!
Pikel is lightly wounded.
You hit Pikel. You tail-slap Pikel.
Pikel is moderately wounded.
Pikel struggles against the net. x2
You hit Pikel but do no damage.
Pikel is moderately wounded.
Pikel struggles against the net.
Unknown command.
You hit Pikel but do no damage.
Pikel is moderately wounded.
Pikel struggles against the net.
You hit Pikel. You tail-slap Pikel, but do no damage.
Pikel is moderately wounded.
Pikel struggles against the net.
The net rips apart, and Pikel comes free!
You feel better. Pikel hits you but does no damage.
You feel very mighty all of a sudden.
Pikel hits you with a +2 whip of flaming!
* * * LOW HITPOINT WARNING * * *
Pikel burns you.
* * * LOW HITPOINT WARNING * * *
You closely miss Pikel.
Pikel is moderately wounded.
Pikel hits you with a +2 whip of flaming!
You die...

....######.###...
.).#..........#.#####.###
..#.######..#.#.<.K55....
##.#######.?#.#.#####.##.
.)....).........###
##...............5#
##.####......####5# ...#
#.##...####K###.#
##.####.##......@.....#
.....##.###..####.#####
.###.##.###..####.# .
#.......>.(....#
#.###.##.......... ...#
#.##.#####.### #.###
#.##.# #.# >.. #.##.# .#
.. #.##..


You could see Pikel and 2 lemures.

Vanquished Creatures
  Sigmund (D:4)
  An iguana (D:4)
  An orc wizard (D:4)
  3 gnolls (D:3)
  An adder (D:3)
  2 worms
  4 dart slugs
  8 orcs
  6 bats
  2 endoplasms
  2 giant cockroaches
  2 hobgoblins
  6 quokkas
  3 ball pythons
  2 frilled lizards (D:1)
  2 goblins
  A kobold (D:3)
  4 rats
51 creatures vanquished.

Notes
Turn   | Place    | Note
-------+----------+-------------------------------------------
     0 | D:1      | Demosthentine the Demonspawn Gladiator began the quest for
                  | the Orb.
     0 | D:1      | Reached XP level 1. HP: 16/16 MP: 1/1
   825 | D:2      | Gained mutation: You are surrounded by a mild repulsion
                  | field. (EV +2) [demonic ancestry]
   825 | D:2      | Reached XP level 2. HP: 22/22 MP: 2/2
  1423 | D:3      | Reached skill level 1 in Armour
  1423 | D:3      | Reached XP level 3. HP: 14/28 MP: 3/3
  1709 | D:3      | Found a faded altar of an unknown god.
  2002 | D:3      | Gained mutation: You have a small tail. [demonic ancestry]
  2002 | D:3      | Reached XP level 4. HP: 16/34 MP: 4/4
  2619 | D:4      | Gained mutation: You have a tail ending in a sharp stinger.
                  | [demonic ancestry]
  2619 | D:4      | Reached XP level 5. HP: 22/41 MP: 5/5
  2707 | D:4      | Noticed Sigmund
  2720 | D:4      | Killed Sigmund
  2721 | D:4      | Gained mutation: You are surrounded by a moderate repulsion
                  | field. (EV +3) [demonic ancestry]
  2721 | D:4      | Reached XP level 6. HP: 41/48 MP: 6/6
  2758 | D:4      | Noticed Pikel
  2784 | D:4      | Slain by Pikel

Illustrated notes

Levels and vault maps discovered:
D:1:      orjb1_clovarrival, layout_basic, chequers_mini_garden
D:2:      layout_rooms, basic_altar, nicolae_twisty_statue_hallways
D:3:      minmay_general_purpose_star, layout_loops_ring,
          shapermc_ecumenical_altar_venn, minmay_diced_spiral
D:4:      layout_loops_ring, chequers_arboretum, uniq_menkaure, uniq_pikel,
          uniq_sigmund

Skill      XL: |  1  2  3  4 |
---------------+-------------+-----
Dodging        | 3 |  3.9
Polearms       | 3 |  3.9
Armour         | 1 2 |  2.5
Fighting       | 3 |  3.6
Throwing       | |  1.7

Action                     |  1- 3 |  4- 6 || total
---------------------------+-------+-------++-------
  Melee: Trident           |   116 |    87 ||   203
         Tailslap          |       |     9 ||     9
  Throw: Throwing net      |       |     4 ||     4
    Use: Scroll            |     6 |     3 ||     9
         Potion            |       |     2 ||     2
   Stab: Sleeping          |     2 |     1 ||     3
         Distracted        |     1 |       ||     1
         Held in net/web   |       |     2 ||     2
 Armour: Leather armour    |    13 |    20 ||    33
  Dodge: Dodged            |    66 |    31 ||    97

Table legend: (Time is in decaauts)
 A = Elapsed time spent in this place.
 B = Non-inter-level travel time spent in this place.
 C = Inter-level travel time spent in this place.
 D = Time resting spent in this place.
 E = Time spent auto-exploring this place.
 F = Levels seen in this place.
 G = Mean time per level.
                   A        B        C        D        E       F      G
               +--------+--------+--------+--------+--------+-----+--------+
         Total |   2824 |   2733 |     91 |      0 |   2303 |   4 |  706.0 |
       Dungeon |   2824 |   2733 |     91 |      0 |   2303 |   4 |  706.0 |
               +--------+--------+--------+--------+--------+-----+--------+

Top non-repeatable levels by time:
     D:3: 1120 daAuts
     D:1: 841 daAuts
     D:2: 547 daAuts
     D:4: 315 daAuts
